 Dungeon Crawl Stone Soup version 0.24.0-123-gd5b16e6ec5 (webtiles) character file.

Game seed: 5358660960628020576, levelgen mode: deterministic

10443 DavidChitty2 the Destroyer (level 11, -13/95 HPs)
             Began as a Black Draconian Conjurer on Dec 16, 2019.
             Was a Priest of Sif Muna.
             Mangled by Gastronok (35 damage)
             ... on level 1 of the Lair of Beasts.
             The game lasted 00:36:52 (18726 turns).

DavidChitty2 the Destroyer (DrCj)                  Turns: 18726, Time: 00:36:53

Health: -13/95     AC: 12    Str: 11    XL:     11   Next: 36%
Magic:  2/22       EV: 16    Int: 22    God:    Sif Muna [***...]
Gold:   203        SH:  6    Dex: 19    Spells: 8/24 levels left

rFire    + + .     SeeInvis .   b - +5 scimitar "Zyfouc" {venom, *Slow rF+ Int+4 Dex+4}
rCold    . . .     Gourm    .   C - +0 buckler (curse)
rNeg     . . .     Faith    .   (armour unavailable)
rPois    .         Spirit   .   (helmet restricted)
rElec    +         Reflect  .   y - +0 cloak
rCorr    .         Harm     .   j - +0 pair of gloves
MR       .....                  n - +2 pair of boots
Stlth    ++........             (no amulet)
HPRegen  0.25/turn              E - +3 ring of dexterity
MPRegen  0.18/turn              i - ring of protection from fire

@: slowed, very slow
A: breathe lightning, unfitting armour, electricity resistance, cold-blooded, AC
+7
a: Breathe Lightning, Channel Magic, Forget Spell, Renounce Religion


You were on level 1 of the Lair of Beasts.
You worshipped Sif Muna.
Sif Muna was most pleased with you.
You were not hungry.

You visited 2 branches of the dungeon, and saw 13 of its levels.
You also visited: Sewer.

You collected 665 gold pieces.
You spent 462 gold pieces at shops.

Inventory:

Hand Weapons
 a - a +2 dagger of venom
   (You took it off a goblin on level 2 of the Dungeon)
 b - the +5 scimitar "Zyfouc" (weapon) {venom, *Slow rF+ Int+4 Dex+4}
   (You found it on level 7 of the Dungeon)

   It poisons the flesh of those it strikes.
   It affects your intelligence (+4).
   It affects your dexterity (+4).
   It protects you from fire.
   It may slow you when you take damage.
 B - a +0 trident of pain
   (You took it off an orc on level 8 of the Dungeon)
Missiles
 g - 76 sling bullets
 q - 385 stones (quivered)
Armour
 j - a +0 pair of gloves (worn)
   (You bought it in a shop on level 4 of the Dungeon)
 n - a +2 pair of boots (worn)
   (You found it on level 2 of the Dungeon)
 y - a +0 cloak (worn)
   (You took it off Crazy Yiuf on level 6 of the Dungeon)
 C - a cursed +0 buckler (worn)
   (You found it on level 7 of the Dungeon)
Magical Staves
 F - an uncursed staff of fire
   (You found it on level 6 of the Dungeon)
Jewellery
 i - a ring of protection from fire (right hand)
   (You found it on level 9 of the Dungeon)
 v - an uncursed ring of fire
   (You found it on level 3 of the Dungeon)
 A - an uncursed ring of positive energy
   (You found it on level 7 of the Dungeon)
 E - a +3 ring of dexterity (left hand)
   (You found it on level 10 of the Dungeon)
Wands
 t - a wand of flame (21)
   (You took it off a kobold on level 8 of the Dungeon)
 u - a wand of paralysis (6)
   (You found it on level 6 of the Dungeon)
 x - a wand of acid (20)
   (You found it on level 5 of the Dungeon)
Scrolls
 h - 2 scrolls of teleportation {@r4}
 o - 11 scrolls of remove curse {@r2}
 p - a scroll of enchant weapon
 s - 3 scrolls of enchant armour
 H - a scroll of magic mapping
 I - a scroll of fear
Potions
 c - a potion of mutation {unknown}
 d - a potion of brilliance {unknown}
 f - 4 potions of flight
 k - 2 potions of berserk rage
 l - 2 potions of lignification {!q}
 m - 2 potions of curing {@q1}
 r - a potion of ambrosia {unknown}
 w - 2 potions of magic
 z - 3 potions of agility
 D - a potion of resistance
 G - a potion of haste {@q3}
Comestibles
 e - 11 rations {!d}


   Skills:
 + Level 8.4 Fighting
 + Level 5.9 Dodging
 - Level 1.7 Stealth
 - Level 4.0 Shields
 + Level 7.4 Spellcasting
 - Level 10.0 Conjurations
 + Level 2.2 Hexes
 * Level 3.0 Summonings
 + Level 1.4 Ice Magic
 + Level 7.1 Invocations


You had 8 spell levels left.
You knew the following spells:

 Your Spells              Type           Power        Failure   Level  Hunger
a - Magic Dart            Conj           ####         1%          1    None
c - Summon Mana Viper     Hex/Summ       ###.....     58%         5    #####..
d - Summon Ice Beast      Ice/Summ       ###.....     30%         4    ###....
s - Searing Ray           Conj           ######       1%          2    None
x - Iskenderun's Mystic   Conj           ######..     1%          4    ###....

Your spell library contained the following spells:

 Spells                   Type           Power        Failure   Level  Hunger
 Dazzling Spray           Conj/Hex       #####.       1%          3    None
 Summon Butterflies       Summ           ###.....     2%          1    None
 Corona                   Hex            ###....      3%          1    None
 Call Imp                 Summ           ###.....     3%          2    None
 Conjure Flame            Conj/Fire      ####....     3%          3    None
 Stone Arrow              Conj/Erth      ####..       3%          3    None
 Slow                     Hex            ###.....     4%          2    None
 Ensorcelled Hibernation  Hex/Ice        ###...       5%          2    None
 Mephitic Cloud           Conj/Pois/Air  ###.....     6%          3    None
 Fulminant Prism          Conj/Hex       #####.....   6%          4    ###....
 Call Canine Familiar     Summ           ###.....     7%          3    None
 Beastly Appendage        Tmut           #.....       8%          1    None
 Sandblast                Erth           #.....       8%          1    None
 Confuse                  Hex            ###.....     10%         3    None
 Tukima's Dance           Hex            ###.....     10%         3    None
 Force Lance              Conj/Tloc      ####....     10%         4    ###....
 Blink                    Tloc           N/A          12%         2    None
 Passwall                 Tmut/Erth      #.......     12%         2    None
 Sticks to Snakes         Tmut           #.......     12%         2    None
 Spider Form              Tmut/Pois      #.........   24%         3    None
 Ice Form                 Ice/Tmut       ##......     52%         4    ###....
 Petrify                  Tmut/Erth      #.......     61%         4    ###....
 Blade Hands              Tmut           #.........   91%         5    #####..
 Lee's Rapid Deconstruct  Erth           #.........   91%         5    #####..
 Summon Hydra             Summ           ###.......   100%        7    #######
 Dragon's Call            Summ           ###.......   100%        9    #######


Dungeon Overview and Level Annotations

Branches:
Dungeon (12/15)            Temple (0/1) D:7            Lair (1/6) D:10
    Orc (0/2) D:12          Sewer (visited)

Altars:
Cheibriados
Gozag
Hepliaklqana
Kikubaaqudgha
Makhleb
Nemelex Xobeh
Qazlal
Ru
Sif Muna
Trog
Vehumet
Xom
Yredelemnul

Shops:
D:4 *[   D:7 %

Portals:
Ice
Cave: D:11

Annotations:
D:6 2 exclusions
Lair:1 Gastronok


Innate Abilities, Weirdness & Mutations

You can breathe wild blasts of lightning.
Your glossy black scales are hard. (AC +7)
You cannot fit into any form of body armour.
You are resistant to electric shocks. (rElec)
You are cold-blooded and may be slowed by cold attacks.


Message History

The mystic blast hits the fungus!
Aim: Gastronok, wearing a +2 hat (lightly wounded)
The orb of energy hits Gastronok.
The orb of energy explodes!
The mystic blast hits the fungus!
Gastronok barely misses you.
You riposte.
You hit Gastronok.
Gastronok is poisoned.
Aim: Gastronok, wearing a +2 hat (lightly wounded, poisoned)
The orb of energy hits Gastronok.
The orb of energy explodes!
The mystic blast hits the fungus!!
You destroy the fungus!
You are near starving!
Gastronok bites you!!
Unknown command.
Aim: Gastronok, wearing a +2 hat (lightly wounded, poisoned)
The orb of energy hits Gastronok!
The orb of energy explodes!
Aim: Gastronok, wearing a +2 hat (moderately wounded, poisoned)
The orb of energy hits Gastronok!
The orb of energy explodes!
Gastronok bites you!!
* * * LOW HITPOINT WARNING * * *
Aim: Gastronok, wearing a +2 hat (moderately wounded, poisoned)
The orb of energy hits Gastronok!!
The orb of energy explodes!
Aim: Gastronok, wearing a +2 hat (heavily wounded, poisoned)
The orb of energy hits Gastronok.
You feel less invigorated. Gastronok bites you!
* * * LOW HITPOINT WARNING * * *
Aim: Gastronok, wearing a +2 hat (heavily wounded, poisoned)
The orb of energy hits Gastronok!
You are starving!
You eat one of the 12 rations {!d}.
That ration really hit the spot!
Gastronok casts a spell at you.
You feel yourself slow down.
Aim: Gastronok, wearing a +2 hat (severely wounded, poisoned)
The orb of energy hits Gastronok!
The orb of energy explodes!
Gastronok waves his eye-stalks in wide circles.
The air twists around and strikes you.
* * * LOW HITPOINT WARNING * * *
You hit Gastronok.
Gastronok looks even sicker.
You tail-slap Gastronok, but do no damage.
Gastronok bites you!!
* * * LOW HITPOINT WARNING * * *
Okay, then.
You feel better.
You feel better.
Gastronok's eyestalks quiver as he mumbles some strange words.
Gastronok puts on a burst of speed!
Aim: Gastronok, wearing a +2 hat (severely wounded, poisoned, covering ground quickly)
The magic dart hits Gastronok but does no damage.
Gastronok bites you but does no damage.
Aim: Gastronok, wearing a +2 hat (severely wounded, poisoned, covering ground quickly)
The magic dart hits Gastronok.
Gastronok bites you!!
You die...

).#.#.#....### ###
............P####.#
............##
#.#.#...###.#
#.#.##.## #.# #
##.#.##.# #.# #
##....##.# #.## #
##P..#..#.####..#
###....#.##.##.w@##
.##......##.###..#
............##..##
.##†.....##P###.
####....##### #. #
##.P.# .. # #.#..#
#. #####...## ..
P...#.P.#


You could see Gastronok.

Vanquished Creatures
  A centaur warrior (D:12)
  Pikel (D:6)
  An ugly thing (D:11)
  A deep elf mage (D:10)
  3 spiny frogs (Lair:1)
  A komodo dragon (D:10)
  A troll (D:11)
  A hippogriff (Lair:1)
  Sigmund (D:6)
  A wyvern (D:11)
  6 yaks (D:10)
  4 vampire mosquitoes (D:12)
  2 wargs (D:12)
  2 water moccasins
  2 porcupines (D:10)
  A slave (D:6)
  5 orc warriors
  2 ice beasts
  A sky beast (D:9)
  3 black bears
  4 phantoms
  A necrophage (D:10)
  3 ogres
  7 centaurs
  A crocodile (Lair:1)
  3 big kobolds
  2 bullfrogs (D:10)
  5 scorpions
  4 killer bees (D:8)
  6 howler monkeys
  3 crimson imps
  3 jellies
  2 bullfrog zombies
  11 orc priests
  Crazy Yiuf (D:6)
  4 hounds
  2 bullfrog skeletons
  7 orc wizards
  3 worker ants
  7 adders
  A gnoll (D:1)
  3 river rats
  3 shadow imps
  An ooze (D:3)
  3 adder skeletons
  4 worms
  3 dart slugs
  6 leopard geckos
  54 orcs
  2 ball pythons
  7 bats
  3 giant cockroaches
  20 goblins
  5 hobgoblins
  12 jackals
  5 quokkas
  4 frilled lizards
  30 kobolds
  A quokka zombie (D:6)
  12 rats
  A fungus (Lair:1)
299 creatures vanquished.

Vanquished Creatures (others)
  2 slaves (D:6)
  A sky beast (D:8)
  A worker ant (D:6)
  An orc (D:6)
  2 fungi (D:10)
7 creatures vanquished.

Grand Total: 306 creatures vanquished

Notes
Turn   | Place    | Note
-------+----------+-------------------------------------------
     0 | D:1      | DavidChitty2 the Draconian Conjurer began the quest for the
                  | Orb.
     0 | D:1      | Reached XP level 1. HP: 14/14 MP: 3/3
   322 | D:1      | Reached XP level 2. HP: 8/22 MP: 0/5
   526 | D:1      | Learned a level 2 spell: Searing Ray
   784 | D:1      | Reached skill level 1 in Fighting
  1224 | D:1      | Reached XP level 3. HP: 28/28 MP: 2/6
  1862 | D:2      | Found a basalt altar of Yredelemnul.
  2729 | D:2      | Reached XP level 4. HP: 34/36 MP: 1/8
  2794 | D:2      | Learned a level 4 spell: Iskenderun's Mystic Blast
  2917 | D:2      | Reached skill level 5 in Conjurations
  2981 | D:2      | You fall into a shaft and drop 1 floor!
  3393 | D:3      | Found an ancient bone altar of Kikubaaqudgha.
  3395 | D:3      | Found a shimmering altar of Xom.
  3398 | D:3      | Found a burning altar of Makhleb.
  3997 | D:2      | Reached XP level 5. HP: 42/42 MP: 5/9
  4476 | D:3      | Found a sparkling altar of Nemelex Xobeh.
  4873 | D:4      | Found a glowing drain.
  4951 | Sewer    | Entered a sewer
  5139 | Sewer    | Reached XP level 6. HP: 51/51 MP: 0/11
  5339 | Sewer    | Found a white marble altar of Elyvilon.
  5415 | D:4      | Found Dairpheah's Antique Armour Emporium.
  5456 | D:4      | Bought a pair of gloves for 72 gold pieces
  5560 | D:4      | Found Bupi's Assorted Antiques.
  5662 | D:4      | Reached skill level 6 in Conjurations
  5819 | D:4      | Found a stormy altar of Qazlal.
  5905 | D:5      | Entered Level 5 of the Dungeon
  6597 | D:5      | Your scales start taking on a glossy black colour.
  6597 | D:5      | Reached XP level 7. HP: 58/58 MP: 7/12
  6597 | D:5      | Gained mutation: You are resistant to electric shocks.
                  | (rElec) [Black Draconian growth]
  7046 | D:5      | Reached skill level 7 in Conjurations
  7369 | D:5      | Found a shimmering blue altar of Sif Muna.
  7446 | D:5      | Found an opulent altar of Gozag.
  7580 | D:5      | Became a worshipper of Sif Muna the Loreminder
  7771 | D:6      | Noticed Pikel
  7826 | D:6      | Killed Pikel
  7826 | D:6      | Reached skill level 5 in Fighting
  7826 | D:6      | Reached skill level 8 in Conjurations
  7826 | D:6      | Reached XP level 8. HP: 45/68 MP: 1/15
  8222 | D:6      | Noticed Sigmund
  8234 | D:6      | Killed Sigmund
  8426 | D:6      | Reached skill level 5 in Spellcasting
  8555 | D:6      | Found a runed translucent door.
  8556 | D:6      | Noticed Crazy Yiuf
  8892 | D:6      | Killed Crazy Yiuf
  9213 | D:7      | Found Tas Lafu's Food Emporium.
  9709 | D:7      | Got a warped scimitar
  9869 | D:7      | Found a staircase to the Ecumenical Temple.
 10163 | D:8      | Reached skill level 1 in Shields
 10163 | D:8      | Reached XP level 9. HP: 75/75 MP: 3/17
 10314 | D:8      | Found a radiant altar of Vehumet.
 10348 | D:8      | Reached * piety under Sif Muna
 11096 | D:8      | Identified the +5 scimitar "Zyfouc" {venom, *Slow rF+ Int+4
                  | Dex+4} (You found it on level 7 of the Dungeon)
 11318 | D:8      | Reached ** piety under Sif Muna
 11375 | D:8      | Found a sacrificial altar of Ru.
 12214 | D:9      | Found a bloodstained altar of Trog.
 12657 | D:4      | Bought a sparkling book for 390 gold pieces
 12808 | D:9      | Learned a level 5 spell: Summon Mana Viper
 12970 | D:9      | Found a snail-covered altar of Cheibriados.
 13031 | D:9      | You fall into a shaft and drop 3 floors!
 13031 | D:12     | Found a staircase to the Orcish Mines.
 13055 | D:12     | Reached skill level 9 in Conjurations
 13063 | D:12     | Reached skill level 5 in Invocations
 13101 | D:12     | Reached XP level 10. HP: 45/84 MP: 9/19
 13181 | D:12     | Noticed a centaur warrior
 13188 | D:12     | Killed a centaur warrior
 13939 | D:11     | Reached skill level 5 in Dodging
 13941 | D:11     | Noticed a green ugly thing
 14035 | D:11     | Killed a green ugly thing
 14062 | D:11     | Reached *** piety under Sif Muna
 14280 | D:11     | Found a frozen archway.
 14327 | D:10     | Entered Level 10 of the Dungeon
 14947 | D:10     | Reached skill level 1 in Summonings
 15040 | D:9      | Reached skill level 1 in Hexes
 15961 | D:10     | Found a staircase to the Lair.
 16043 | D:10     | Reached XP level 11. HP: 94/94 MP: 6/21
 16714 | D:10     | Noticed a deep elf mage
 16719 | D:10     | Killed a deep elf mage
 16874 | D:10     | Learned a level 4 spell: Summon Ice Beast
 16875 | Lair:1   | Entered Level 1 of the Lair of Beasts
 17293 | D:10     | Found a staircase to the Lair.
 18168 | Lair:1   | Reached skill level 10 in Conjurations
 18168 | Lair:1   | Reached skill level 1 in Ice Magic
 18421 | Lair:1   | Found a hazy altar of Hepliaklqana.
 18705 | Lair:1   | Noticed Gastronok
 18726 | Lair:1   | Mangled by Gastronok

Levels and vault maps discovered:
D:1:      dpeg_arrival_shelter, layout_loops_corners
D:2:      layout_loops_cross, nicolae_overflow_crystal_walls, first_ration
D:3:      layout_basic, nemelex_altar_shiori, grunt_temple_overflow_open,
          minivault_14
D:4:      layout_rooms, kennysheep_mini, serial_shops, shop, shop,
          portal_sewer_entry_b
D:5:      layout_loops_corners, overflow_temple_1_default,
          nicolae_gozag_cash_rules_everything_around_me
D:6:      kennysheep_windowed_halls, layout_basic, uniq_sigmund, uniq_pikel,
          uniq_crazy_yiuf_cottage
D:7:      layout_loops_cross, minmay_temple_entry_antechambers, serial_shops,
          nicolae_shop_behind_doors
D:8:      layout_cave_pools, nicolae_overflow_hidden_temple,
          vehumet_altar_wand_db, special_room [special_room_orc]
D:9:      layout_basic, kennysheep_mini_moat, trog_ov_bears_minmay
D:10:     layout_loops_corners, grunt_lair_entry_orc_guard_hut, minmay_librarian
D:11:     minmay_the_grid_triangle_9x9_recursive_2
          [minmay_the_grid_triangle_9x9_prize_schism,
          minmay_the_grid_triangle_9x9_checkered,
          minmay_the_grid_triangle_9x9_cache,
          minmay_the_grid_triangle_9x9_stretched_checkered],
          layout_irregular_city, portal_ice_cave_entry_pillars_1
D:12:     layout_small_grid, erik_orc_3, uniq_nergalle
Lair:1:   layout_loops_ring, basic_altar, uniq_gastronok

Skill      XL: |  1  2  3  4  5  6  7  8  9 10 11 |
---------------+----------------------------------+-----
Fighting       | 1 2 3 5 6 8 |  8.4
Conjurations   | 5 6 8 9 10 | 10.0
Spellcasting   | 3 4 5 6 7 |  7.4
Invocations    | 2 3 5 6 7 |  7.1
Dodging        | 3 4 5 |  5.9
Shields        | 1 4 |  4.0
Summonings     | 1 3 |  3.0
Hexes          | 1 2 |  2.2
Ice Magic      | 1 |  1.4
Stealth        | |  1.7

Action                   |  1- 3 |  4- 6 |  7- 9 | 10-12 || total
-------------------------+-------+-------+-------+-------++-------
Melee: Unarmed           |    38 |       |       |       ||    38
       Tailslap          |     4 |     5 |    14 |    15 ||    38
       Dagger            |    17 |    38 |    45 |       ||   100
       Scimitar          |       |       |    12 |    47 ||    59
 Cast: Magic Dart        |    85 |   135 |   331 |   147 ||   698
       Searing Ray       |     4 |    15 |    15 |    30 ||    64
       Iskenderun's Myst |       |       |    12 |    31 ||    43
Invok: Channel Magic     |       |       |     1 |     2 ||     3
 Abil: Breathe Lightning |       |       |     4 |     4 ||     8
Evoke: Wand              |       |       |     5 |     3 ||     8
  Use: Scroll            |       |     6 |    12 |     7 ||    25
       Potion            |       |       |     1 |     7 ||     8
 Stab: Paralysed         |       |       |    16 |       ||    16
  Eat: Chunk             |     7 |    13 |    15 |    10 ||    45
       Ration            |       |       |     2 |     4 ||     6
Armor: Skin              |    26 |    18 |    66 |    60 ||   170
Dodge: Dodged            |    51 |    36 |   131 |   129 ||   347
Block: Buckler           |       |       |    24 |    51 ||    75
       Rpst.: Scimitar   |       |       |    16 |    35 ||    51
